 Dungeon Crawl Stone Soup version 0.31-a0-161-gb58dd9be76 (webtiles) character file.

Game seed: 3546094288714600484

402 BrainTurd the Cudgeller (level 7, 0/52 HPs)
             Began as a Meteoran Artificer on June 12, 2023.
             Slain by a gnoll
             ... wielding a +0 flail
              (2 damage)
             ... on level 4 of the Dungeon.
             The game lasted 00:12:48 (2211 turns).

BrainTurd the Cudgeller (Meteoran Artificer)        Turns: 2211, Time: 00:12:49

Health: 0/52       AC:  5    Str: 15    XL:     7   Next: 33%
Magic:  8/8        EV: 12    Int: 19    God:
Gold:   119        SH:  0    Dex: 15    Spells: 6/6 levels left

rFire   + . .        i - +1 whip (venom)
rCold   + + .        (no shield)
rNeg    . . .        r - +2 robe {rC+}
rPois   +            (no helmet)
rElec   +            (no cloak)
rCorr   +            (no gloves)
SInv    +            l - +0 pair of boots
Will    .....        (no amulet)
Stlth   +            h - ring of see invisible
HPRegen 0.28/turn    j - +6 ring of intelligence
MPRegen 0.11/turn

%: no passive effects
@: resistant, glowing
A: sense surroundings 1, otherworldly, glowing, explore regen
a: no special abilities


You were on level 4 of the Dungeon.
You visited 1 branch of the dungeon, and saw 5 of its levels.

You collected 119 gold pieces.

Inventory:

Hand Weapons
 a - a +0 club
 i - a +1 whip of venom (weapon)
Missiles
 k - a throwing net
Armour
 l - a +0 pair of boots (worn)
 r - a +2 robe of cold resistance (worn)
Jewellery
 h - a ring of see invisible (left hand)
 j - a +6 ring of intelligence (right hand)
 q - a ring of positive energy
Wands
 c - a wand of flame (9) (quivered)
 d - a wand of charming (15)
 e - a wand of iceblast (5)
Scrolls
 f - 2 scrolls of identify
 g - a scroll of brand weapon {unknown}
 m - a scroll of fear {unknown}
 o - a scroll of teleportation {unknown}
 p - 2 scrolls of poison
 v - a scroll of vulnerability {unknown}
Potions
 n - a potion of haste {unknown}
 s - a potion of lignification
 t - a potion of degeneration {unknown}
 u - a potion of magic {unknown}


   Skills:
 - Level 1.1 Fighting
 * Level 7.0 Maces & Flails
 - Level 2.4 Armour
 - Level 1.2 Dodging
 - Level 0.6 Stealth
 + Level 6.0 Evocations


You had 6 spell levels left.
You didn't know any spells.
Your spell library contained the following spells:

 Spells                   Type           Power      Damage    Failure   Level
 Sting                    Tmut/Pois      0%         1d3       21%         1
 Poisonous Vapours        Pois/Air       0%         N/A       30%         2
 Portal Projectile        Hex/Tloc       0%         N/A       52%         3
 Tukima's Dance           Hex            0%         N/A       52%         3
 Animate Dead             Necr           0%         N/A       90%         4
 Olgreb's Toxic Radiance  Pois           0%         N/A       90%         4
 Petrify                  Tmut/Erth      0%         N/A       90%         4
 Blade Hands              Tmut           0%         N/A       99%         5
 Metabolic Englaciation   Hex/Ice        0%         N/A       99%         5
 Statue Form              Tmut/Erth      0%         N/A       100%        6
 Spellforged Servitor     Conj/Summ      0%         N/A       100%        7
 Dragon's Call            Summ           0%         N/A       100%        9


Dungeon Overview and Level Annotations

Branches:
Dungeon (5/15) Zot: 807
 Temple: D:4-7

Altars:
Nemelex Xobeh
Uskayaw
Xom

Shops:
D:3 (


Innate Abilities, Weirdness & Mutations

You passively map a small area around you.
You are easily found by Zot.
You glow in the dark.
You regain HP and MP as you explore.


Message History

The gnoll hits you from afar with a +0 spear.
You hit the gnoll but do no damage.
The gnoll looks as sick as possible!
The gnoll is severely wounded.
You closely miss the gnoll.
The gnoll is severely wounded.
The gnoll barely misses you.
The gnoll hits you from afar with a +0 spear.
You closely miss the gnoll.
The gnoll is severely wounded.
The gnoll barely misses you.
The gnoll hits you from afar with a +0 spear.
You hit the gnoll but do no damage.
The gnoll looks as sick as possible!
The gnoll is almost dead.
You kill the gnoll!
The gnoll hits you from afar with a +0 spear.
The gnoll hits you with a +0 spear. The gnoll hits you with a +0 flail!
You hit the gnoll.
The gnoll is poisoned.
The gnoll is lightly wounded.
You closely miss the gnoll.
The gnoll is lightly wounded.
The gnoll hits you with a +0 spear. The gnoll hits you with a +0 flail.
The gnoll attacks as you move away! The gnoll hits you with a +0 flail.
* * * LOW HITPOINT WARNING * * *
The gnoll hits you from afar with a +0 spear.
* * * LOW HITPOINT WARNING * * *
It was a potion of resistance.
You feel protected. The gnoll barely misses you.
You hit the gnoll.
The gnoll is poisoned.
You punch the gnoll, but do no damage.
The gnoll is heavily wounded.
The gnoll misses you. The gnoll barely misses you.
You hit the gnoll.
The gnoll is severely wounded.
The gnoll closely misses you. The gnoll hits you with a +0 flail.
* * * LOW HITPOINT WARNING * * *
The gnoll hits you with a +0 flail!
* * * LOW HITPOINT WARNING * * *
The gnoll attacks as you move away! The gnoll hits you with a +0 flail.
You die...

................(...........#
.............##.##..........#
............##...##.........#
...........##.....##........#
...........#.......#........#
..............._............#
...........#.......#........#
...........##.....##........#
............##.g@##.........#
.............##g##..........#
..............g.............###
.......................<......#
..........................#...###
..........................##.....
..........................###..##
.............................>.##
.........................##......


You could see 3 gnolls.

Vanquished Creatures
  A centaur (D:4)
  A scorpion (D:4)
  Terence (D:3)
  Jessica (D:3)
  An orc wizard (D:3)
  9 gnolls
  3 adders
  2 worms (D:2)
  2 dart slugs (D:3)
  5 orcs
  7 endoplasms
  A giant cockroach (D:4)
  3 goblins
  4 hobgoblins
  7 jackals (D:2)
  5 kobolds
  2 quokkas
  9 ball pythons
  A frilled lizard (D:1)
  2 rats (D:3)
67 creatures vanquished.

Notes
Turn   | Place    | Note
-------+----------+-------------------------------------------
     0 | D:1      | BrainTurd the Meteoran Artificer began the quest for the
                  | Orb.
     0 | D:1      | Reached XP level 1. HP: 16/16 MP: 2/2
    76 | D:1      | Found a faded altar of an unknown god.
   239 | D:1      | Reached skill level 1 in Maces & Flails
   239 | D:1      | Reached XP level 2. HP: 23/23 MP: 3/3
   254 | D:1      | Got the Elucidation of Lamentation and the Escort
   500 | D:1      | Glimpsed the power of Zot.
   534 | D:2      | Reached skill level 2 in Maces & Flails
   631 | D:2      | Reached XP level 3. HP: 28/28 MP: 4/4
   660 | D:2      | Reached skill level 3 in Maces & Flails
   746 | D:2      | Reached XP level 4. HP: 24/35 MP: 5/5
   977 | D:3      | Reached skill level 4 in Maces & Flails
   977 | D:3      | Reached XP level 5. HP: 35/40 MP: 6/6
  1046 | D:3      | Found Imixecoadgh's Weapon Boutique.
  1069 | D:3      | Noticed Jessica
  1075 | D:3      | Killed Jessica
  1076 | D:3      | Reached skill level 5 in Evocations
  1165 | D:3      | Reached skill level 5 in Maces & Flails
  1168 | D:3      | Reached XP level 6. HP: 18/47 MP: 7/7
  1202 | D:3      | Found a hide-covered altar of Uskayaw.
  1325 | D:3      | Noticed Terence
  1335 | D:3      | Killed Terence
  1381 | D:3      | Reached skill level 6 in Maces & Flails
  1702 | D:4      | Found a shimmering altar of Xom.
  1750 | D:4      | Noticed a centaur
  1760 | D:4      | Killed a centaur
  1761 | D:4      | Reached XP level 7. HP: 28/52 MP: 8/8
  1928 | D:4      | Found a sparkling altar of Nemelex Xobeh.
  2054 | D:5      | Entered Level 5 of the Dungeon
  2164 | D:4      | Reached skill level 7 in Maces & Flails
  2210 | D:4      | HP: 2/52 [gnoll/+0 flail (8)]
  2211 | D:4      | Slain by a gnoll

Illustrated notes

Levels and vault maps discovered:
D:1:      dpeg_arrival_stone_temple_mockup, layout_basic,
          nicolae_ecumenical_snake_handling
D:2:      layout_rooms
D:3:      layout_basic, nicolae_uskayaw_murder_on_the_dancefloor, serial_shops,
          shop, uniq_jessica, uniq_terence
D:4:      layout_basic, lemuel_coloured_pillars_altar, lemuel_round_altar,
          fountainhead, eino_curves_04
D:5:      nicolae_cairo_tiling_very_big, layout_basic,
          mainiacjoe_overflow_brackets

Skill      XL: |  1  2  3  4  5  6  7 |
---------------+----------------------+-----
Maces & Flails | 1 2 3 4 5 6 7 |  7.0
Evocations     | 4 5 6 |  6.0
Fighting       | |  1.1
Armour         | |  2.4
Dodging        | |  1.2
Stealth        | |  0.6

Action                     |  1- 3 |  4- 6 |  7- 9 || total
---------------------------+-------+-------+-------++-------
  Melee: Whip              |    72 |   135 |    19 ||   226
         Punch             |     3 |     3 |     1 ||     7
  Throw: Throwing net      |       |     1 |       ||     1
  Evoke: Wand              |     5 |     1 |       ||     6
    Use: Scroll            |       |       |     2 ||     2
         Potion            |       |       |     1 ||     1
   Stab: Held in net/web   |       |     1 |       ||     1
 Armour: Leather armour    |    17 |     9 |       ||    26
         Robe              |       |    20 |     4 ||    24
  Dodge: Dodged            |    29 |    51 |    11 ||    91

Table legend: (Time is in decaauts)
 A = Elapsed time spent in this place.
 B = Non-inter-level travel time spent in this place.
 C = Inter-level travel time spent in this place.
 D = Time resting spent in this place.
 E = Time spent auto-exploring this place.
 F = Levels seen in this place.
 G = Mean time per level.
                   A        B        C        D        E       F      G
               +--------+--------+--------+--------+--------+-----+--------+
         Total |   2192 |   1994 |    198 |      0 |   1433 |   5 |  438.4 |
       Dungeon |   2192 |   1994 |    198 |      0 |   1433 |   5 |  438.4 |
               +--------+--------+--------+--------+--------+-----+--------+

Top non-repeatable levels by time:
     D:4: 655 daAuts
     D:3: 589 daAuts
     D:1: 524 daAuts
     D:2: 419 daAuts
     D:5: 3 daAuts
